TOP OF THE 1ST |
Kalamazoo Royale with Cheese batting - Pitching for Kansas City Kings : LHP Carlos Tavárez
|
Pitching: LHP Carlos Tavárez
|
|
Batting: RHB Eugene Gill
|
0-0: Ball 1-0: Ball 2-0: Called Strike 2-1: Bunted foul 2-2: Strikes out swinging, 2-3 out at first.
|
Batting: SHB Caden Keith
|
0-0: Called Strike 0-1: Ball 1-1: Ball 2-1: Ball 3-1: Called Strike 3-2: Foul Ball, location: 2F 3-2: Base on Balls
|
Batting: LHB Tom Blake
|
0-0: Called Strike 0-1: Ball 1-1: Ball 2-1: Ball 3-1: Called Strike 3-2: Foul Ball, location: 2F 3-2: Strikes out swinging Caden Keith steals 2nd base Batter strikes out.
|
Batting: LHB Roberto Sandoval
|
0-0: Reaches on Catchers interference
|
Batting: RHB Marlon Phipps
|
0-0: Ball 1-0: Ball 2-0: Foul Ball, location: 2F 2-1: Called Strike 2-2: Foul Ball, location: 2F 2-2: Ball 3-2: Fly out, F7 (Flyball, 7S)
|
Top of the 1st over - 0 runs, 0 hits, 1 error, 2 left on base; Kalamazoo 0 - Kansas City 0 |
BOTTOM OF THE 1ST |
Kansas City Kings batting - Pitching for Kalamazoo Royale with Cheese : LHP Octávio Ramírez
|
Pitching: LHP Octávio Ramírez
|
|
Batting: SHB Douglas Taylor
|
0-0: Ball 1-0: Foul Ball, location: 2F 1-1: Fly out, F4 (Popup, 4S)
|
Batting: RHB Eric Fuller
|
0-0: Foul Ball, location: 2F 0-1: Ground out 5-3 (Groundball, 56S)
|
Batting: RHB Chris Chandler
|
0-0: Ball 1-0: Called Strike 1-1: Swinging Strike 1-2: Ball 2-2: Ground out 5-3 (Groundball, 56S)
|
Bottom of the 1st over - 0 runs, 0 hits, 0 errors, 0 left on base; Kalamazoo 0 - Kansas City 0 |
TOP OF THE 2ND |
Kalamazoo Royale with Cheese batting - Pitching for Kansas City Kings : LHP Carlos Tavárez
|
Batting: RHB Zander Tremblett
|
0-0: Ball 1-0: Ball 2-0: Ball 3-0: Called Strike 3-1: SINGLE (Line Drive, 89M)
|
Batting: RHB José Estrada
|
0-0: Called Strike 0-1: Ball Wild Pitch! Zander Tremblett to second 1-1: Fly out, F8 (Flyball, 89M)
|
Batting: RHB Millard Boyd
|
0-0: Ball 1-0: Foul Ball, location: 2F 1-1: Ground out 6-3 (Groundball, 6)
|
Batting: LHB Gene Cooper
|
0-0: Ball 1-0: Called Strike 1-1: Called Strike 1-2: Foul Ball, location: 2F 1-2: Foul Ball, location: 2F 1-2: Strikes out swinging
|
Top of the 2nd over - 0 runs, 1 hit, 0 errors, 1 left on base; Kalamazoo 0 - Kansas City 0 |
BOTTOM OF THE 2ND |
Kansas City Kings batting - Pitching for Kalamazoo Royale with Cheese : LHP Octávio Ramírez
|
Batting: LHB Ron Crawford
|
0-0: Called Strike 0-1: Swinging Strike 0-2: Strikes out swinging
|
Batting: RHB Jason Stover
|
0-0: Ground out 6-3 (Groundball, 6)
|
Batting: RHB Dave Parker
|
0-0: Called Strike 0-1: Ball 1-1: Ball 2-1: Fly out, F4 (Popup, 4D)
|
Bottom of the 2nd over - 0 runs, 0 hits, 0 errors, 0 left on base; Kalamazoo 0 - Kansas City 0 |
TOP OF THE 3RD |
Kalamazoo Royale with Cheese batting - Pitching for Kansas City Kings : LHP Carlos Tavárez
|
Pitching: RHP Alberto Bonilla
|
|
Batting: RHB Eugene Gill
|
0-0: SOLO HOME RUN (Line Drive, 7D), Distance : 401 ft
|
Batting: SHB Caden Keith
|
0-0: Ball 1-0: Fly out, F8 (Flyball, 8LS)
|
Batting: LHB Tom Blake
|
0-0: Swinging Strike 0-1: Reached on error, E5 (Groundball, 5L)
|
Pitching: LHP Tim Davidson
|
|
Batting: LHB Roberto Sandoval
|
0-0: Ball 1-0: Ball 2-0: Called Strike 2-1: Swinging Strike 2-2: Strikes out swinging
|
Batting: RHB Marlon Phipps
|
0-0: Ball 1-0: Ground out 4-3 (Groundball, 4S)
|
Top of the 3rd over - 1 run, 1 hit, 1 error, 1 left on base; Kalamazoo 1 - Kansas City 0 |
BOTTOM OF THE 3RD |
Kansas City Kings batting - Pitching for Kalamazoo Royale with Cheese : LHP Octávio Ramírez
|
Batting: RHB Rafael Carreón
|
0-0: Called Strike 0-1: Fly out, F3 (Popup, 34)
|
Batting: RHB Oliver Lugo
|
0-0: Foul Ball, location: 2F 0-1: Ground out 6-3 (Groundball, 6M)
|
Batting: RHB Gregg Nelson
|
0-0: Ball 1-0: Ball 2-0: Ball 3-0: Called Strike 3-1: Base on Balls
|
Batting: SHB Douglas Taylor
|
0-0: Called Strike 0-1: Ball 1-1: Ball 2-1: Fly out, F4 (Popup, 34)
|
Bottom of the 3rd over - 0 runs, 0 hits, 0 errors, 1 left on base; Kalamazoo 1 - Kansas City 0 |
TOP OF THE 4TH |
Kalamazoo Royale with Cheese batting - Pitching for Kansas City Kings : LHP Tim Davidson
|
Batting: RHB Zander Tremblett
|
0-0: Foul Ball, location: 2F 0-1: Ground out 4-3 (Groundball, 4)
|
Batting: RHB José Estrada
|
0-0: Called Strike 0-1: Ball 1-1: Called Strike 1-2: Ball 2-2: Strikes out looking
|
Batting: RHB Millard Boyd
|
0-0: Ball 1-0: Ground out 6-3 (Groundball, 6)
|
Top of the 4th over - 0 runs, 0 hits, 0 errors, 0 left on base; Kalamazoo 1 - Kansas City 0 |
BOTTOM OF THE 4TH |
Kansas City Kings batting - Pitching for Kalamazoo Royale with Cheese : LHP Octávio Ramírez
|
Batting: RHB Eric Fuller
|
0-0: Ball 1-0: SOLO HOME RUN (Flyball, 9LD), Distance : 350 ft
|
Batting: RHB Chris Chandler
|
0-0: Fly out, F7 (Flyball, 78S)
|
Batting: LHB Ron Crawford
|
0-0: Swinging Strike 0-1: Called Strike 0-2: Ball 1-2: Foul Ball, location: 2F 1-2: Ball 2-2: Strikes out looking
|
Batting: RHB Jason Stover
|
0-0: Foul Ball, location: 2F 0-1: Ground out 4-3 (Groundball, 4)
|
Bottom of the 4th over - 1 run, 1 hit, 0 errors, 0 left on base; Kalamazoo 1 - Kansas City 1 |
TOP OF THE 5TH |
Kalamazoo Royale with Cheese batting - Pitching for Kansas City Kings : LHP Tim Davidson
|
Batting: LHB Gene Cooper
|
0-0: Swinging Strike 0-1: Swinging Strike 0-2: Ball 1-2: Strikes out swinging
|
Batting: RHB Eugene Gill
|
0-0: Ball 1-0: Ball 2-0: Ball 3-0: Called Strike 3-1: Base on Balls
|
Batting: SHB Caden Keith
|
0-0: Grounds into double play, 6-4-3 (Groundball, 6)
|
Top of the 5th over - 0 runs, 0 hits, 0 errors, 0 left on base; Kalamazoo 1 - Kansas City 1 |
BOTTOM OF THE 5TH |
Kansas City Kings batting - Pitching for Kalamazoo Royale with Cheese : LHP Octávio Ramírez
|
Pitching: RHP Drake Williams
|
|
Batting: RHB Dave Parker
|
0-0: Called Strike 0-1: Swinging Strike 0-2: Strikes out swinging
|
Batting: RHB Rafael Carreón
|
0-0: Ball 1-0: Ball 2-0: Ball 3-0: Base on Balls
|
Batting: RHB Oliver Lugo
|
0-0: Called Strike 0-1: Swinging Strike 0-2: Strikes out swinging
|
Batting: RHB Gregg Nelson
|
0-0: Fly out, F7 (Flyball, 7LMF)
|
Bottom of the 5th over - 0 runs, 0 hits, 0 errors, 1 left on base; Kalamazoo 1 - Kansas City 1 |
TOP OF THE 6TH |
Kalamazoo Royale with Cheese batting - Pitching for Kansas City Kings : LHP Tim Davidson
|
Batting: LHB Tom Blake
|
0-0: Ball 1-0: SOLO HOME RUN (Flyball, 9LD), Distance : 348 ft
|
Batting: LHB Roberto Sandoval
|
0-0: Foul Ball, location: 2F 0-1: Foul Ball, location: 2F 0-2: Ball 1-2: Ball 2-2: Ball 3-2: Ground out 4-3 (Groundball, 34)
|
Batting: RHB Marlon Phipps
|
0-0: SOLO HOME RUN (Flyball, 78XD), Distance : 433 ft
|
Pitching: RHP Greg Reeves
|
|
Batting: RHB Zander Tremblett
|
0-0: Ball 1-0: Ground out 4-3 (Groundball, 4M)
|
Batting: RHB José Estrada
|
0-0: Called Strike 0-1: Ball 1-1: Ball 2-1: Fly out, F1 (Line Drive, 15)
|
Top of the 6th over - 2 runs, 2 hits, 0 errors, 0 left on base; Kalamazoo 3 - Kansas City 1 |
BOTTOM OF THE 6TH |
Kansas City Kings batting - Pitching for Kalamazoo Royale with Cheese : RHP Drake Williams
|
Batting: SHB Douglas Taylor
|
0-0: Called Strike 0-1: SINGLE (Flyball, 89S)
|
Batting: RHB Eric Fuller
|
0-0: Ball Wild Pitch! Douglas Taylor to second 1-0: Foul Ball, location: 2F 1-1: Foul Ball, location: 2F 1-2: Fly out, F9 (Flyball, 89S)
|
Batting: RHB Chris Chandler
|
0-0: Called Strike 0-1: Ground out 5-3 (Groundball, 5)
|
Batting: LHB Ron Crawford
|
0-0: Called Strike 0-1: Swinging Strike 0-2: Ground out 5-3 (Groundball, 5L)
|
Bottom of the 6th over - 0 runs, 1 hit, 0 errors, 1 left on base; Kalamazoo 3 - Kansas City 1 |
TOP OF THE 7TH |
Kalamazoo Royale with Cheese batting - Pitching for Kansas City Kings : RHP Greg Reeves
|
Batting: RHB Millard Boyd
|
0-0: Called Strike 0-1: Ball 1-1: Called Strike 1-2: Ball 2-2: Foul Ball, location: 2F 2-2: Foul Ball, location: 2F 2-2: SINGLE (Line Drive, 56D)
|
Batting: LHB Gene Cooper
|
0-0: Called Strike 0-1: Foul Ball, location: 2F 0-2: Strikes out swinging
|
Pitching: RHP Nick Parks
|
|
Pinch Hitting: LHB Bill McJannett
|
0-0: Ball 1-0: Foul Ball, location: 2F 1-1: Ball 2-1: Reached on error, E4 (Groundball, 4) Millard Boyd to second
|
Pinch Hitting: LHB Jim Clemente
|
0-0: Ball 1-0: Swinging Strike 1-1: Ball 2-1: Swinging Strike 2-2: Ball Wild Pitch! Millard Boyd to third Bill McJannett to second 3-2: Strikes out swinging
|
Pinch Hitting: LHB Ron Robinson
|
0-0: Foul Ball, location: 2F 0-1: Ball 1-1: Foul Ball, location: 2F 1-2: Strikes out swinging
|
Top of the 7th over - 0 runs, 1 hit, 1 error, 2 left on base; Kalamazoo 3 - Kansas City 1 |
BOTTOM OF THE 7TH |
Kansas City Kings batting - Pitching for Kalamazoo Royale with Cheese : RHP Drake Williams
|
Now at 1B: Jim Clemente
|
|
Now in LF: Ron Robinson
|
|
Now in CF: Bill McJannett
|
|
Batting: RHB Jason Stover
|
0-0: Ball 1-0: Foul Ball, location: 2F 1-1: Ball 2-1: Foul Ball, location: 2F 2-2: Foul Ball, location: 2F 2-2: Ground out 4-3 (Groundball, 4)
|
Batting: RHB Dave Parker
|
0-0: Called Strike 0-1: Called Strike 0-2: Ball 1-2: Foul Ball, location: 2F 1-2: SINGLE (Line Drive, 8RS)
|
Pinch Runner at 1st Dennis Garner:
|
|
Batting: RHB Rafael Carreón
|
0-0: Called Strike 0-1: Ball 1-1: Fly out, F7 (Flyball, 8LS)
|
Batting: RHB Oliver Lugo
|
0-0: Called Strike 0-1: SINGLE (Groundball, 6MD) Dennis Garner to second Runner from 2nd tries for 3rd, SAFE, no throw
|
Batting: RHB Gregg Nelson
|
0-0: Foul Ball, location: 2F 0-1: Ground out 6-3 (Groundball, 6M)
|
Bottom of the 7th over - 0 runs, 2 hits, 0 errors, 2 left on base; Kalamazoo 3 - Kansas City 1 |
TOP OF THE 8TH |
Kalamazoo Royale with Cheese batting - Pitching for Kansas City Kings : RHP Nick Parks
|
Now at SS: Dennis Garner
|
|
Pinch Hitting: LHB Javier Espinoza
|
0-0: Ball 1-0: Ball 2-0: Called Strike 2-1: Ball 3-1: Called Strike 3-2: Foul Ball, location: 2F 3-2: SINGLE (Flyball, 8LS)
|
Batting: LHB Lorenzo Quintanilla
|
0-0: Ball 1-0: Ball 2-0: Called Strike 2-1: Foul Ball, location: 2F 2-2: Foul Ball, location: 2F 2-2: Fly out, F9 (Flyball, 89M)
|
Batting: RHB Zander Tremblett
|
0-0: Ball 1-0: SINGLE (Flyball, 7S) Javier Espinoza to second
|
Pinch Hitting: RHB Fernando Díaz
|
0-0: SINGLE (Groundball, 56D) Javier Espinoza to third Zander Tremblett to second Runner from 3rd tries for Home, SAFE, no throw
|
Pinch Hitting: RHB Eric Johnson
|
0-0: Ball 1-0: SINGLE (Line Drive, 6D) Zander Tremblett to third Fernando Díaz to second Runner from 3rd tries for Home, SAFE, no throw
|
Pitching: RHP Gene McNeil
|
|
Pinch Hitting: RHB Gary Wyatt
|
0-0: Ball 1-0: Swinging Strike 1-1: Called Strike 1-2: Strikes out swinging
|
Batting: LHB Bill McJannett
|
0-0: Called Strike 0-1: Ball 1-1: Ground out 4-3 (Groundball, 4)
|
Top of the 8th over - 2 runs, 4 hits, 0 errors, 2 left on base; Kalamazoo 5 - Kansas City 1 |
BOTTOM OF THE 8TH |
Kansas City Kings batting - Pitching for Kalamazoo Royale with Cheese : RHP Drake Williams
|
Now at 2B: Javier Espinoza
|
|
Now at 3B: Gary Wyatt
|
|
Now at SS: Bob Noble
|
|
Now in RF: Eric Johnson
|
|
Pinch Hitting: LHB Michael Cook
|
0-0: DOUBLE (Line Drive, 78D)
|
Batting: SHB Álex Hernández
|
0-0: Ball 1-0: Swinging Strike 1-1: Foul Ball, location: 2F 1-2: Ground out 4-3 (Groundball, 4) Michael Cook to third
|
Pinch Hitting: LHB Earl Wigfall
|
0-0: Swinging Strike 0-1: Ball 1-1: Ground out U3 (Groundball, 3L)
|
Pinch Hitting: SHB Jeff Chambers
|
0-0: Ground out 4-3 (Groundball, 4)
|
Bottom of the 8th over - 0 runs, 1 hit, 0 errors, 1 left on base; Kalamazoo 5 - Kansas City 1 |
TOP OF THE 9TH |
Kalamazoo Royale with Cheese batting - Pitching for Kansas City Kings : RHP Gene McNeil
|
Now at 1B: Michael Cook
|
|
Now at 3B: Jeff Chambers
|
|
Now in CF: Earl Wigfall
|
|
Batting: LHB Jim Clemente
|
0-0: Reached via error on a dropped throw, E3
|
Batting: LHB Ron Robinson
|
0-0: Foul Ball, location: 2F 0-1: Ball 1-1: Fly out, F7 (Flyball, 7LMF)
|
Batting: LHB Javier Espinoza
|
Pickoff Throw to First - Out! 0-0: Ball 1-0: Ball 2-0: Ball 3-0: Called Strike 3-1: SINGLE (Groundball, 6MD)
|
Batting: LHB Lorenzo Quintanilla
|
0-0: Ball 1-0: Called Strike 1-1: Foul Ball, location: 2F 1-2: Foul Ball, location: 2F 1-2: Foul Ball, location: 2F 1-2: Strikes out swinging
|
Top of the 9th over - 0 runs, 1 hit, 1 error, 1 left on base; Kalamazoo 5 - Kansas City 1 |
BOTTOM OF THE 9TH |
Kansas City Kings batting - Pitching for Kalamazoo Royale with Cheese : RHP Drake Williams
|
Pinch Hitting: RHB Jon Krohne
|
0-0: Called Strike 0-1: Foul Ball, location: 2F 0-2: Ball 1-2: Foul Ball, location: 2F 1-2: Strikes out looking
|
Batting: RHB Dennis Garner
|
0-0: Ball 1-0: Foul Ball, location: 2F 1-1: Ball 2-1: SINGLE (Line Drive, 7S)
|
Pitching: LHP Juan Fuentes
|
|
Batting: RHB Rafael Carreón
|
0-0: Foul Ball, location: 2F 0-1: SINGLE (Groundball, 34D) Dennis Garner to second
|
Pitching: RHP Víctor Reyes
|
|
Pinch Hitting: RHB Terry Perkins
|
0-0: Called Strike 0-1: Foul Ball, location: 2F 0-2: Ball 1-2: Ball 2-2: Strikes out swinging
|
Pinch Hitting: RHB Claudio Rodríguez
|
0-0: Ball 1-0: Ball 2-0: Foul Ball, location: 2F 2-1: Foul Ball, location: 2F 2-2: Fly out, F7 (Flyball, 78D)
|
Bottom of the 9th over - 0 runs, 2 hits, 0 errors, 2 left on base; Kalamazoo 5 - Kansas City 1 |
|